PL
TOLEDO STINGERS @ PORTLAND EVERGREENS
08/17/2033
 
TOP OF THE 1ST
Toledo Stingers batting - Pitching for Portland Evergreens : LHP George Eisenhauer
Pitching: LHP George Eisenhauer
Batting: RHB Brett Callison 0-0: DOUBLE (Line Drive, 9LM)
Batting: LHB Tural Bishara 0-0: Ground out 5-3 (Groundball, 5)
Batting: RHB Alfredo Martínez 0-0: Called Strike
0-1: Swinging Strike
0-2: Strikes out looking
Batting: LHB Kyoji Hakoda 0-0: Foul Ball, location: 2F
0-1: Ball
1-1: SINGLE (Groundball, 34S) (infield hit)
Brett Callison to third
Batting: RHB Tamasaburo Kato 0-0: Ball
1-0: Foul Ball, location: 2F
1-1: Called Strike
1-2: Ground out 1-3 (Groundball, 13S)
Top of the 1st over - 0 runs, 2 hits, 0 errors, 2 left on base; Toledo 0 - Portland 0
BOTTOM OF THE 1ST
Portland Evergreens batting - Pitching for Toledo Stingers : RHP Rafael Rodríguez
Pitching: RHP Rafael Rodríguez
Batting: RHB Tae-cho Han 0-0: Called Strike
0-1: Ball
1-1: Foul Ball, location: 2F
1-2: Ball
2-2: SINGLE (Groundball, 34D)
Batting: LHB Calvin Wilms 0-0: Grounds into double play, 4-6-3 (Groundball, 34)
Batting: LHB Chris Payling 0-0: Ground out 5-3 (Groundball, 5S)
Bottom of the 1st over - 0 runs, 1 hit, 0 errors, 0 left on base; Toledo 0 - Portland 0
TOP OF THE 2ND
Toledo Stingers batting - Pitching for Portland Evergreens : LHP George Eisenhauer
Batting: SHB Dylan Carson 0-0: Ball
1-0: Foul Ball, location: 2F
1-1: Foul Ball, location: 2F
1-2: Fly out, F3 (Popup, 3S)
Batting: RHB Armando Alvarado 0-0: Swinging Strike
0-1: Ball
1-1: Swinging Strike
1-2: Ball
2-2: Ball
3-2: Strikes out looking
Batting: RHB Manny Bendixen 0-0: Ball
1-0: Called Strike
1-1: Ball
2-1: Ball
3-1: Foul Ball, location: 2F
3-2: Ground out 6-3 (Groundball, 56D)
Top of the 2nd over - 0 runs, 0 hits, 0 errors, 0 left on base; Toledo 0 - Portland 0
BOTTOM OF THE 2ND
Portland Evergreens batting - Pitching for Toledo Stingers : RHP Rafael Rodríguez
Batting: LHB Dewitt Hopper 0-0: Ball
1-0: Ball
2-0: DOUBLE (Line Drive, 9LM)
Batting: RHB Nelson Jaramillo 0-0: Called Strike
0-1: Ground out 6-3 (Groundball, 6)
Batting: LHB Ramón Garmendia 0-0: Ball
1-0: Swinging Strike
1-1: Called Strike
1-2: Ball
2-2: Ball
3-2: SINGLE (Groundball, 4D)
Dewitt Hopper to third
Batting: LHB John Ennis 0-0: Swinging Strike
0-1: Ball
Ramón Garmendia steals 2nd base
1-1: Ball
2-1: Foul Ball, location: 2F
2-2: DOUBLE (Line Drive, 89D)
Dewitt Hopper scores
Ramón Garmendia scores
Pinch Runner at 2nd Mario Castillo:
Batting: SHB Willie McGirt 0-0: Ball
1-0: Ball
2-0: Ball
3-0: Base on Balls
Batting: RHB Chet Hollis 0-0: Called Strike
0-1: Grounds into double play, 4-6-3 (Groundball, 4)
Bottom of the 2nd over - 2 runs, 3 hits, 0 errors, 1 left on base; Toledo 0 - Portland 2
TOP OF THE 3RD
Toledo Stingers batting - Pitching for Portland Evergreens : LHP George Eisenhauer
Now at 1B: Mario Castillo
Batting: RHB Pedro Álvarez 0-0: Ground out 3-1 (Groundball, 34)
Batting: RHB Brett Callison 0-0: Ball
1-0: Foul Ball, location: 2F
1-1: Foul Ball, location: 2F
1-2: Ball
2-2: Ball
3-2: SINGLE (Flyball, 9LS)
Batting: LHB Tural Bishara 0-0: Ball
1-0: Called Strike
1-1: Ball
2-1: Fielders Choice at 2nd, 4-6 (Groundball, 4)
Batting: RHB Alfredo Martínez 0-0: Ball
1-0: Ball
2-0: Ball
3-0: Called Strike
3-1: Called Strike
3-2: Foul Ball, location: 2F
3-2: Fly out, F8 (Flyball, 8LXD)
Top of the 3rd over - 0 runs, 1 hit, 0 errors, 1 left on base; Toledo 0 - Portland 2
BOTTOM OF THE 3RD
Portland Evergreens batting - Pitching for Toledo Stingers : RHP Rafael Rodríguez
Batting: RHB Tae-cho Han 0-0: Called Strike
0-1: Swinging Strike
0-2: DOUBLE (Flyball, 78D)
Batting: LHB Calvin Wilms 0-0: Fly out, F7 (Flyball, 7LS)
Batting: LHB Chris Payling 0-0: Fly out, F5 (Popup, 15)
Batting: LHB Dewitt Hopper 0-0: Ball
1-0: Ground out 3-1 (Groundball, 34)
Bottom of the 3rd over - 0 runs, 1 hit, 0 errors, 1 left on base; Toledo 0 - Portland 2
TOP OF THE 4TH
Toledo Stingers batting - Pitching for Portland Evergreens : LHP George Eisenhauer
Batting: LHB Kyoji Hakoda 0-0: Ball
1-0: Called Strike
1-1: Called Strike
1-2: SINGLE (Groundball, 34D)
Batting: RHB Tamasaburo Kato 0-0: Ball
1-0: Foul Ball, location: 2F
1-1: Ball
2-1: Swinging Strike
2-2: Ball
3-2: Foul Ball, location: 2F
3-2: Base on Balls
Kyoji Hakoda to second
Batting: SHB Dylan Carson 0-0: Foul Ball, location: 2F
0-1: Swinging Strike
0-2: Foul Ball, location: 2F
0-2: Strikes out swinging
Batting: RHB Armando Alvarado 0-0: Foul Ball, location: 2F
0-1: Ball
1-1: Ball
2-1: Ball
3-1: Base on Balls
Kyoji Hakoda to third
Tamasaburo Kato to second
Batting: RHB Manny Bendixen 0-0: Fielders Choice at 2nd, 3-6 (Groundball, 34)
Kyoji Hakoda scores
Tamasaburo Kato to third
Batting: RHB Pedro Álvarez 0-0: Ball
1-0: Reached on error, E3 (Groundball, 3)
Tamasaburo Kato scores
Manny Bendixen to second
Batting: RHB Brett Callison 0-0: Called Strike
0-1: Foul Ball, location: 2F
0-2: Foul Ball, location: 2F
0-2: Ball
1-2: Ground out 1-3 (Groundball, 13S)
Top of the 4th over - 2 runs, 1 hit, 1 error, 2 left on base; Toledo 2 - Portland 2
BOTTOM OF THE 4TH
Portland Evergreens batting - Pitching for Toledo Stingers : RHP Rafael Rodríguez
Batting: RHB Nelson Jaramillo 0-0: Ball
1-0: SINGLE (Groundball, 6MS) (infield hit)
Batting: LHB Ramón Garmendia 0-0: Ball
1-0: Ball
Nelson Jaramillo steals 2nd base
2-0: Foul Ball, location: 2F
2-1: Ball
3-1: Base on Balls
Batting: RHB Mario Castillo 0-0: Called Strike
0-1: Foul Ball, location: 2F
0-2: Fly out, F7 (Line Drive, 7S)
Batting: SHB Willie McGirt 0-0: Ball
1-0: Ball
2-0: Foul Ball, location: 2F
2-1: Foul Ball, location: 2F
2-2: SINGLE (Line Drive, 3D)
Nelson Jaramillo to third
Ramón Garmendia to second
Batting: RHB Chet Hollis 0-0: Called Strike
0-1: Ball
1-1: Called Strike
1-2: Ball
2-2: TRIPLE (Line Drive, 9D)
Nelson Jaramillo scores
Ramón Garmendia scores
Willie McGirt scores
Batting: RHB Tae-cho Han 0-0: Called Strike
0-1: Ball
1-1: Swinging Strike
1-2: Ball
2-2: Fly out, F4 (Popup, 4)
Batting: LHB Calvin Wilms 0-0: SINGLE (Line Drive, 4M)
Chet Hollis scores
Batting: LHB Chris Payling 0-0: Ball
1-0: Foul Ball, location: 2F
1-1: Swinging Strike
1-2: Ball
2-2: Ball
3-2: Base on Balls
Calvin Wilms to second
Batting: LHB Dewitt Hopper 0-0: Ground out 4-3 (Groundball, 4)
Bottom of the 4th over - 4 runs, 4 hits, 0 errors, 2 left on base; Toledo 2 - Portland 6
TOP OF THE 5TH
Toledo Stingers batting - Pitching for Portland Evergreens : LHP George Eisenhauer
Batting: LHB Tural Bishara 0-0: Ball
1-0: Ball
2-0: Swinging Strike
2-1: Ball
3-1: Called Strike
3-2: Fly out, F7 (Flyball, 7S)
Batting: RHB Alfredo Martínez 0-0: Called Strike
0-1: Ball
1-1: Fly out, F9 (Flyball, 9D)
Batting: LHB Kyoji Hakoda 0-0: Ball
1-0: Fly out, F9 (Flyball, 9S)
Top of the 5th over - 0 runs, 0 hits, 0 errors, 0 left on base; Toledo 2 - Portland 6
BOTTOM OF THE 5TH
Portland Evergreens batting - Pitching for Toledo Stingers : RHP Rafael Rodríguez
Batting: RHB Nelson Jaramillo 0-0: Ball
1-0: Foul Ball, location: 2F
1-1: Called Strike
1-2: Strikes out swinging
Batting: LHB Ramón Garmendia 0-0: Called Strike
0-1: Ball
1-1: Ball
2-1: Ball
3-1: SINGLE (Line Drive, 9S)
Batting: RHB Mario Castillo 0-0: Called Strike
0-1: Ball
1-1: Fly out, F9 (Flyball, 9)
Batting: SHB Willie McGirt 0-0: Ball
1-0: Ball
2-0: Swinging Strike
2-1: Foul Ball, location: 2F
2-2: Ball
3-2: SINGLE (Flyball, 89S)
Ramón Garmendia to second
Ramón Garmendia to third
Batting: RHB Chet Hollis 0-0: Ball
1-0: Ball
2-0: Called Strike
2-1: Ball
Passed Ball!
Ramón Garmendia scores
Willie McGirt to second
3-1: Called Strike
3-2: Strikes out swinging
Bottom of the 5th over - 1 run, 2 hits, 0 errors, 1 left on base; Toledo 2 - Portland 7
TOP OF THE 6TH
Toledo Stingers batting - Pitching for Portland Evergreens : LHP George Eisenhauer
Batting: RHB Tamasaburo Kato 0-0: Ball
1-0: Ground out 5-3 (Groundball, 5)
Batting: SHB Dylan Carson 0-0: Called Strike
0-1: Ball
1-1: Ball
2-1: Fly out, F7 (Flyball, 7)
Batting: RHB Armando Alvarado 0-0: Called Strike
0-1: Ball
1-1: Fly out, F8 (Flyball, 8RM)
Top of the 6th over - 0 runs, 0 hits, 0 errors, 0 left on base; Toledo 2 - Portland 7
BOTTOM OF THE 6TH
Portland Evergreens batting - Pitching for Toledo Stingers : RHP Rafael Rodríguez
Pitching: RHP Joe Shlabotnik
Batting: RHB Tae-cho Han 0-0: Called Strike
0-1: Called Strike
0-2: Ball
1-2: Ball
2-2: Ball
3-2: Foul Ball, location: 2F
3-2: SOLO HOME RUN (Flyball, 8RXD), Distance : 430 ft
Batting: LHB Calvin Wilms 0-0: Swinging Strike
0-1: Ball
1-1: Foul Ball, location: 2F
1-2: Ball
2-2: Ball
3-2: Strikes out swinging
Batting: LHB Chris Payling 0-0: Ball
1-0: Ball
2-0: Called Strike
2-1: SOLO HOME RUN (Line Drive, 89XD), Distance : 405 ft
Batting: LHB Dewitt Hopper 0-0: Ball
1-0: Swinging Strike
1-1: Ball
2-1: Ball
3-1: SINGLE (Groundball, 4MD)
Batting: RHB Nelson Jaramillo 0-0: Ball
1-0: Ball
2-0: Called Strike
2-1: Ball
3-1: Fielders Choice at 2nd, 1-6 (Groundball, 13S)
Batting: LHB Ramón Garmendia 0-0: Called Strike
Nelson Jaramillo steals 2nd base
0-1: Ball
1-1: Ball
2-1: Called Strike
2-2: Strikes out swinging
Bottom of the 6th over - 2 runs, 3 hits, 0 errors, 1 left on base; Toledo 2 - Portland 9
TOP OF THE 7TH
Toledo Stingers batting - Pitching for Portland Evergreens : LHP George Eisenhauer
Batting: RHB Manny Bendixen 0-0: Ball
1-0: Called Strike
1-1: Fly out, F7 (Flyball, 78XD)
Batting: RHB Pedro Álvarez 0-0: Called Strike
0-1: Foul Ball, location: 2F
0-2: Ball
1-2: Foul Ball, location: 2F
1-2: Ground out 6-3 (Groundball, 6D)
Batting: RHB Brett Callison 0-0: Ball
1-0: Ball
2-0: Foul Ball, location: 2F
2-1: Fly out, F8 (Flyball, 8LM)
Top of the 7th over - 0 runs, 0 hits, 0 errors, 0 left on base; Toledo 2 - Portland 9
BOTTOM OF THE 7TH
Portland Evergreens batting - Pitching for Toledo Stingers : RHP Joe Shlabotnik
Batting: RHB Mario Castillo 0-0: Ball
1-0: Foul Ball, location: 2F
1-1: Swinging Strike
1-2: Ball
2-2: Ground out 4-3 (Groundball, 6MD)
Batting: SHB Willie McGirt 0-0: Ball
1-0: Hit by Pitch
Batting: RHB Chet Hollis 0-0: Called Strike
0-1: Ball
1-1: Swinging Strike
1-2: Fly out, F5 (Line Drive, 56)
Batting: RHB Tae-cho Han 0-0: Ball
Willie McGirt steals 2nd base
1-0: Ground out 1-3 (Groundball, 13S)
Bottom of the 7th over - 0 runs, 0 hits, 0 errors, 1 left on base; Toledo 2 - Portland 9
TOP OF THE 8TH
Toledo Stingers batting - Pitching for Portland Evergreens : LHP George Eisenhauer
Pitching: LHP Ming-jiang Wu
Batting: LHB Tural Bishara 0-0: Ball
1-0: Swinging Strike
1-1: DOUBLE (Line Drive, 8RXD)
Batting: RHB Alfredo Martínez 0-0: Foul Ball, location: 2F
0-1: Foul Ball, location: 2F
0-2: Ball
1-2: Strikes out swinging
Batting: LHB Kyoji Hakoda 0-0: Ball
1-0: Ground out 4-3 (Groundball, 4D)
Tural Bishara to third
Batting: RHB Tamasaburo Kato 0-0: Ball
1-0: Ball
2-0: Called Strike
2-1: Foul Ball, location: 2F
2-2: Strikes out looking
Top of the 8th over - 0 runs, 1 hit, 0 errors, 1 left on base; Toledo 2 - Portland 9
BOTTOM OF THE 8TH
Portland Evergreens batting - Pitching for Toledo Stingers : RHP Joe Shlabotnik
Batting: LHB Calvin Wilms 0-0: Ball
1-0: Called Strike
1-1: Ball
2-1: Ball
3-1: Called Strike
3-2: Base on Balls
Batting: LHB Chris Payling 0-0: Ball
1-0: Fielders Choice at 2nd, 4-6 (Groundball, 4)
Batting: LHB Dewitt Hopper 0-0: Ball
1-0: Ball
2-0: Fly out, F9 (Flyball, 9D)
Batting: RHB Nelson Jaramillo 0-0: Ball
Chris Payling steals 2nd base
1-0: Single, Error in OF, E8, batter to second base
Chris Payling scores
Batting: LHB Ramón Garmendia 0-0: Called Strike
0-1: Called Strike
0-2: SINGLE (Flyball, 8RS)
Nelson Jaramillo to third
Runner from 3rd tries for Home, SAFE, no throw
Batting: RHB Mario Castillo 0-0: Ball
Ramón Garmendia is caught stealing 2nd base
Bottom of the 8th over - 2 runs, 2 hits, 1 error, 0 left on base; Toledo 2 - Portland 11
TOP OF THE 9TH
Toledo Stingers batting - Pitching for Portland Evergreens : LHP Ming-jiang Wu
Batting: SHB Dylan Carson 0-0: Called Strike
0-1: Called Strike
0-2: Foul Ball, location: 2F
0-2: Strikes out swinging
Batting: RHB Armando Alvarado 0-0: Called Strike
0-1: Called Strike
0-2: Strikes out swinging
Batting: RHB Manny Bendixen 0-0: Ball
1-0: Fly out, F8 (Flyball, 8RS)
Top of the 9th over - 0 runs, 0 hits, 0 errors, 0 left on base; Toledo 2 - Portland 11
Saturday, December 22nd, 2018 - OOTP Baseball 18.8 Build 76